 Dungeon Crawl Stone Soup version 0.27.0-1-g7a089689b8 (webtiles) character file.

Game seed: 7373014087367922896

2 Spectrina the Ducker (level 1, 0/13 HPs)
             Began as a Deep Elf Monk on Aug 7, 2021.
             Was a Believer of Yredelemnul.
             Killed from afar by a dart slug (3 damage)
             ... with a slug dart
             ... on level 1 of the Dungeon.
             The game lasted 00:00:40 (97 turns).

Spectrina the Ducker (Deep Elf Monk)                  Turns: 97, Time: 00:00:41

Health: 0/13       AC:  2    Str:  8    XL:     1   Next: 33%
Magic:  4/4        EV: 13    Int: 14    God:    Yredelemnul [**....]
Gold:   0          SH:  0    Dex: 17    Spells: 2/2 levels left

rFire    . . .     SeeInvis .   a - +0 short sword
rCold    . . .     Faith    .   (no shield)
rNeg     . . .     Spirit   .   b - +0 robe
rPois    .         Reflect  .   (no helmet)
rElec    .         Harm     .   (no cloak)
rCorr    .         Rampage  .   (no gloves)
Will     .....                  (no boots)
Stlth    ++........             (no amulet)
HPRegen  0.04/turn              (no ring)
MPRegen  0.09/turn              (no ring)

@: no status effects
A: no striking features
a: Renounce Religion, Animate Remains, Recall Undead Slaves, Injury Mirror


You were on level 1 of the Dungeon.
You worshipped Yredelemnul.
Yredelemnul was pleased with you.
You visited 1 branch of the dungeon, and saw 1 of its levels.

Inventory:

Hand Weapons
 a - a +0 short sword (weapon)
Missiles
 g - 23 stones (quivered)
Armour
 b - a +0 robe (worn)
Scrolls
 e - a scroll of teleportation {unknown}
 f - a scroll of amnesia {unknown}
Potions
 c - a potion of cancellation {unknown}
 d - a potion of might {unknown}


   Skills:
 - Level 2.4 Fighting
 - Level 3.0 Short Blades
 - Level 3.6 Dodging
 - Level 2.4 Stealth
 + Level 1.1 Spellcasting


You had 2 spell levels left.
You didn't know any spells.
Your spell library was empty.

Dungeon Overview and Level Annotations

Branches:
Dungeon (1/15)

Altars:
Yredelemnul


Message History

You kill the endoplasm!
You closely miss the rat. The rat bites you.
* * * LOW HITPOINT WARNING * * *
You hit the rat.
You kill the rat!
Your Spellcasting skill increases to level 1!
A jackal comes into view.
There is a faded altar of an unknown god here.
Unknown command.
Press < or > to pray at altars.
You cannot tell which god this altar belongs to.
Convert to them anyway?
Yredelemnul accepts your prayer! Yredelemnul welcomes you!
You can now animate remains.
You can now recall your undead slaves.
You can now mirror injuries on your foes.
Unknown command.
Press < or > to pray at altars.
Found a stone staircase leading down.
Okay, then.
Unknown command.
You see here 23 stones.
g - 23 stones
Found a scroll labelled CEHATECYIL.
Found a scroll labelled QEWUTICYSUV.
A ball python comes into view.
Found 7 gold pieces.
A dart slug comes into view.
The helpless ball python fails to defend itself.
You puncture the ball python!
You kill the ball python!
Yredelemnul accepts your kill.
You hit the dart slug.
The dart slug is heavily wounded.
The dart slug closely misses you.
You hit the dart slug but do no damage.
The dart slug is heavily wounded.
The dart slug launches a dart at you. The slug dart hits you.
You die...
Your body rises from the dead as a mindless zombie.

####..###.#....#....#......
#......#................
###########.##..##.....
#..>..##... ###......##
##......?.## ##..........#
#..†.......?.#
#$...@........
#.....w......#
##..........## ##...##...##
##### ####


You could see a dart slug.

Vanquished Creatures
  An endoplasm (D:1)
  A ball python (D:1)
  A rat (D:1)
3 creatures vanquished.

Notes
Turn   | Place    | Note
-------+----------+-------------------------------------------
     0 | D:1      | Spectrina the Deep Elf Monk began the quest for the Orb.
     0 | D:1      | Reached XP level 1. HP: 13/13 MP: 3/3
    46 | D:1      | Found a faded altar of an unknown god.
    62 | D:1      | Reached skill level 1 in Spellcasting
    64 | D:1      | Became a worshipper of Yredelemnul the Dark
    64 | D:1      | Reached * piety under Yredelemnul
    64 | D:1      | Reached ** piety under Yredelemnul
    97 | D:1      | Killed from afar by a dart slug

Illustrated notes

Levels and vault maps discovered:
D:1:      dpeg_arrival_short_road, layout_rooms, basic_ecumenical_altar,
          minmay_tripent

Skill      XL: |  1 |
---------------+----+-----
Spellcasting   | 1 |  1.1
Fighting       | |  2.4
Short Blades   | |  3.0
Dodging        | |  3.6
Stealth        | |  2.4

Action                   || total
-------------------------++-------
Melee: Short sword       ||    12
 Stab: Sleeping          ||     1
Armor: Robe              ||     1
Dodge: Dodged            ||     2
